 Dungeon Crawl Stone Soup version 0.25.1-11-g244df3a29b (webtiles) character file.

Game seed: 17044249711474750199

153 Mickster the Chopper (level 4, -2/38 HPs)
             Began as a Demigod Fighter on Feb 25, 2023.
             Slain by Sigmund
             ... wielding a +7 scythe of freezing
              (5 damage)
             ... on level 3 of the Dungeon.
             The game lasted 00:18:21 (1881 turns).

Mickster the Chopper (Demigod Fighter)              Turns: 1881, Time: 00:18:21

Health: -2/38      AC:  8    Str: 21    XL:     4   Next: 88%
Magic:  6/6        EV: 11    Int: 12    God:
Gold:   65         SH:  9    Dex: 15    Spells: 3/3 levels left

rFire    . . .     SeeInvis .   a - +1 war axe
rCold    . . .     Gourm    .   c - +0 kite shield
rNeg     . . .     Faith    .   b - +0 scale mail
rPois    .         Spirit   .   (no helmet)
rElec    .         Reflect  .   (no cloak)
rCorr    .         Harm     .   (no gloves)
MR       .....                  m - +0 pair of boots
Stlth    ..........             (no amulet)
HPRegen  0.12/turn              l - +4 ring of evasion
MPRegen  0.10/turn              (no ring)

@: no status effects
A: high mp 1
a: no special abilities


You were on level 3 of the Dungeon.
You were not hungry.

You visited 1 branch of the dungeon, and saw 3 of its levels.

You collected 65 gold pieces.

Inventory:

Hand Weapons
 a - a +1 war axe (weapon)
 k - a +0 hunting sling
Missiles
 g - 50 stones (quivered)
 h - 28 arrows
 j - 16 bolts
Armour
 b - a +0 scale mail (worn)
 c - a +0 kite shield (worn)
 m - a +0 pair of boots (worn)
Jewellery
 l - a +4 ring of evasion (left hand)
Scrolls
 d - a scroll of amnesia {unknown}
 e - a scroll of identify
Potions
 i - a potion of curing
Comestibles
 f - 3 rations


   Skills:
 + Level 3.1 Fighting
 * Level 3.7 Axes
 + Level 3.2 Armour
 + Level 0.1 Dodging
 + Level 3.3 Shields


You had 3 spell levels left.
You didn't know any spells.
Your spell library was empty.

Dungeon Overview and Level Annotations

Branches:
Dungeon (2/15)

Annotations:
D:3 Sigmund


Innate Abilities, Weirdness & Mutations

You have an increased reservoir of magic. (+10% MP)


Message History

You block Sigmund's attack.
You slash Sigmund!
Sigmund is severely wounded.
Sigmund hits you but does no damage.
You hit Sigmund.
Sigmund is almost dead.
Sigmund hits you with a +7 scythe of freezing!
* * * LOW HITPOINT WARNING * * *
Sigmund freezes you.
* * * LOW HITPOINT WARNING * * *
You barely miss Sigmund.
Sigmund is almost dead.
Sigmund hits you with a +7 scythe of freezing.
* * * LOW HITPOINT WARNING * * *
Sigmund freezes you.
* * * LOW HITPOINT WARNING * * *
You hit Sigmund.
Sigmund is almost dead.
Sigmund hits you with a +7 scythe of freezing.
You die...

....####.##.).####>#
###.# #.##.).# .# ###.#
#.##...# .# ..# #
#.#..).# .#
.........#.#.#####.####
#.....................#
##.######.#.###)####....
.# #.#.# #.# # # . ..#
#@# .....# #@# .......
.r. ##r#..####..# .....
#..# #..# #..# #..#


You could see Sigmund and a quokka.

Vanquished Creatures
  An orc priest (D:3)
  A worker ant (D:2)
  3 adders
  2 oozes
  4 dart slugs
  A leopard gecko (D:1)
  7 orcs (D:3)
  A giant cockroach (D:3)
  4 goblins
  7 hobgoblins
  A ball python (D:2)
  9 bats
  2 frilled lizards
  5 kobolds
  7 rats
  A plant (D:2)
56 creatures vanquished.

Notes
Turn   | Place    | Note
-------+----------+-------------------------------------------
     0 | D:1      | Mickster the Demigod Fighter began the quest for the Orb.
     0 | D:1      | Reached XP level 1. HP: 18/18 MP: 3/3
   154 | D:1      | Reached XP level 2. HP: 25/25 MP: 4/4
   534 | D:1      | Reached XP level 3. HP: 28/31 MP: 5/5
  1194 | D:2      | Reached XP level 4. HP: 34/38 MP: 6/6
  1347 | D:2      | You fall into a shaft and drop 1 floor!
  1714 | D:3      | Noticed a hippogriff
  1863 | D:3      | Noticed Sigmund
  1881 | D:3      | Slain by Sigmund

Illustrated notes

Levels and vault maps discovered:
D:1:      lightli_arrival_statuegarden, layout_loops_ring, minmay_pentomino_x2
D:2:      cheibrodos_old_hovel, layout_basic, first_ration, minivault_5
D:3:      layout_loops_ring, grunt_ministairs_11, lightli_corner_chamber,
          uniq_sigmund, uniq_crazy_yiuf_cottage

Skill      XL: |  1  2  3 |
---------------+----------+-----
Shields        | 3 |  3.3
Axes           | 2 3 |  3.7
Fighting       | 3 |  3.1
Armour         | 3 |  3.2
Dodging        | |  0.1

Action                   |  1- 3 |  4- 6 || total
-------------------------+-------+-------++-------
Melee: War axe           |   101 |    70 ||   171
Throw: Stone             |     2 |     2 ||     4
  Use: Potion            |     1 |     2 ||     3
       Scroll            |     2 |     1 ||     3
  Eat: Ration            |       |     1 ||     1
Armor: Scale mail        |    49 |    18 ||    67
Dodge: Dodged            |    27 |    31 ||    58
Block: Kite shield       |    49 |    38 ||    87
